 Dungeon Crawl Stone Soup version 0.20.1-1-g8b1a95d (webtiles) character file.

225 QuCean the Skirmisher (level 5, -1/42 HPs)
             Began as a Demonspawn Berserker on Oct 4, 2017.
             Was a Believer of Trog.
             Killed from afar by an orc wizard (7 damage)
             ... with a magic dart
             ... on level 3 of the Dungeon.
             The game lasted 00:10:53 (2872 turns).

QuCean the Skirmisher (Demonspawn Berserker)        Turns: 2872, Time: 00:10:54

Health: -1/42      AC:  5    Str: 18    XL:     5   Next: 68%
Magic:  5/5        EV: 13    Int:  9    God:    Trog [**....]
Gold:   144        SH:  4    Dex: 12    Spells: 4/4 levels left

rFire    . . .     SeeInvis .   f - +2 mace (protect)
rCold    . . .     Gourm    +   (no shield)
rNeg     . . .     Faith    .   b - +0 animal skin
rPois    .         Spirit   .   (no helmet)
rElec    .         Reflect  .   (no cloak)
rCorr    .         Harm     .   (no gloves)
MR       .....                  c - +1 pair of boots
Stlth    ++........             t - amulet of the gourmand
Regen    0.2/turn               g - +1 ring of protection
MPRegen  0.1/turn               j - ring of flight

@: slowed, very slow
A: talons 1, large bone plates 1
a: Berserk, Trog's Hand, Burn Spellbooks, Renounce Religion, Evoke Flight


You were on level 3 of the Dungeon.
You worshipped Trog.
Trog was pleased with you.
You were not hungry.

You visited 1 branch of the dungeon, and saw 3 of its levels.

You collected 144 gold pieces.

Inventory:

Hand Weapons
 a - a +0 hand axe
 f - a +2 mace of protection (weapon)
Armour
 b - a +0 animal skin (worn)
 c - a +1 pair of boots (worn)
Jewellery
 g - a +1 ring of protection (left hand)
 j - a ring of flight (right hand)
 l - a cursed amulet of inaccuracy
 m - a +3 ring of intelligence {unknown}
 t - an amulet of the gourmand (around neck)
Scrolls
 k - a scroll of enchant armour {unknown}
 o - a scroll of immolation {unknown}
 u - a scroll of teleportation {unknown}
 v - a scroll of fear {unknown}
Potions
 d - a potion of agility {unknown}
 e - 3 potions of curing
 p - a potion of magic {unknown}
 r - a potion of haste {unknown}
 s - a potion of mutation {unknown}
 w - a potion of might {unknown}
Comestibles
 h - a meat ration
 i - 2 fruits
 n - a bread ration


   Skills:
 + Level 3.9 Fighting
 - Level 3.0(3.7) Axes
 * Level 3.2(3.8) Maces & Flails
 + Level 1.9 Armour
 + Level 2.8 Dodging
 + Level 1.1 Stealth


You had 4 spell levels left.
You didn't know any spells.

Dungeon Overview and Level Annotations

Branches:
Dungeon (3/15)

Altars:
Cheibriados


Innate Abilities, Weirdness & Mutations

You have sharp toenails.
You are partially covered in large bone plates. (SH +4)


Message History

* * * LOW HITPOINT WARNING * * *
The orc wizard gestures wildly while chanting.
The orc wizard blinks!
The orc wizard gestures at you while chanting.
You feel as though you will be slow longer.
The orc wizard gestures wildly while chanting.
The orc wizard blinks!
The orc wizard points at you and mumbles some strange words.
You resist with some effort. You block the orc wizard's attack.
The orc barely misses you. x2
You see here a ring mail.
The orc wizard hits you with a dagger.
* * * LOW HITPOINT WARNING * * *
The orc wizard hits you but does no damage.
The orc hits you.
* * * LOW HITPOINT WARNING * * *
There is an escape hatch in the floor here.
The orc wizard gestures at you while chanting.
The magic dart hits you!
You die...

#.#......# #...#..##..#
#........# ##..#..##.##
##.##..#.#############..#..##.##
#..........(..............##.##
###......#...########..#......#
#####÷...#.#.#.########..#.......
.##......#.#....#.....#..........
.....÷.......#...................
.............##.@oo..............
..........#..##..o...............
..........#...#..................
..........#...#........<.........
..............#.........(........
..............##.................
........>................).....##
.##.....#....#####.......###.####
##....#...#..##..........# #(###


You could see an orc wizard and 2 orcs.

Vanquished Creatures
  The ghost of Dommiel19 the Skirmisher, an amateur OgBe of Trog (D:3)
  An iguana (D:3)
  2 adders (D:3)
  An ooze (D:1)
  2 worms
  5 dart slugs
  4 orcs
  3 giant cockroaches
  4 goblins
  7 hobgoblins
  3 jackals (D:3)
  A ball python (D:1)
  8 bats
  4 frilled lizards
  6 kobolds
  6 rats
58 creatures vanquished.

Notes
Turn   | Place    | Note
-------+----------+-------------------------------------------
     0 | D:1      | QuCean the Demonspawn Berserker began the quest for the Orb.
     0 | D:1      | Reached XP level 1. HP: 18/18 MP: 1/1
    80 | D:1      | Gained mutation: You have sharp toenails. [demonic ancestry]
    80 | D:1      | Reached XP level 2. HP: 17/24 MP: 2/2
   871 | D:1      | Reached XP level 3. HP: 26/29 MP: 3/3
  1111 | D:2      | Found a snail-covered altar of Cheibriados.
  1378 | D:2      | Reached ** piety under Trog
  1753 | D:2      | Reached skill level 1 in Maces & Flails
  1981 | D:3      | Reached skill level 1 in Stealth
  2220 | D:3      | Gained mutation: You are partially covered in large bone plates. (SH +4) [demonic ancestry]
  2220 | D:3      | Reached XP level 4. HP: 37/37 MP: 4/4
  2461 | D:3      | Noticed Dommiel19's ghost (amateur OgBe)
  2484 | D:3      | Killed Dommiel19's ghost
  2484 | D:3      | Reached XP level 5. HP: 16/42 MP: 5/5
  2872 | D:3      | Killed from afar by an orc wizard

Skill      XL: |  1  2  3  4 |
---------------+-------------+-----
Dodging        | 2 |  2.8
Axes           | 3 |  3.0
Maces & Flails | 1 3 |  3.2
Stealth        | 1 |  1.1
Fighting       | |  3.9
Armour         | |  1.9

Action                   |  1- 3 |  4- 6 || total
-------------------------+-------+-------++-------
Melee: Hand axe          |    29 |       ||    29
       Mace              |    56 |    69 ||   125
       Kick              |    17 |    13 ||    30
  Use: Scroll            |     1 |     2 ||     3
 Stab: Sleeping          |     1 |       ||     1
  Eat: Chunk             |     1 |     2 ||     3
       Bread ration      |     1 |       ||     1
Armor: Animal skin       |    32 |    43 ||    75
Dodge: Dodged            |    80 |   101 ||   181
Block: Other             |       |    26 ||    26
